 Dungeon Crawl Stone Soup version 0.14.2 (console) character file.

52 carlseen the Magician (level 2, 24/24 HPs)
             Began as a Troll Wizard on Jan 29, 2015.
             Quit the game on Level 1 of the Dungeon.
             The game lasted 00:07:28 (683 turns).

carlseen the Magician (Troll Wizard)                 Turns: 683, Time: 00:07:28

HP  24/24        AC  5     Str 14      XL: 2   Next: 13%
MP   3/3         EV  9     Int 14      God:
Gold 41          SH  0     Dex  8      Spells:  0 memorised,  5 levels left

rFire  . . .     SeeInvis .     (no weapon)
rCold  . . .     Clarity  .     a - +0 robe
rNeg   . . .     Conserve .     (shield restricted)
rPois  .         rCorr    .     b - +0 hat
rElec  .         rRot     .     (no cloak)
SustAb . .       Spirit   .     (gloves unavailable)
rMut   .         Warding  .     (boots unavailable)
Gourm  +         Stasis   .     (no amulet)
MR     .....                    (no ring)
                                (no ring)

@: not resistant to hostile enchantments, unstealthy
A: unfitting armour, claws 3, fast metabolism 3, gourmand, regeneration 2,
saprovore 2, shaggy fur 1, tough skin 2
a: no special abilities


You were on level 1 of the Dungeon.
You were not hungry.

You visited 1 branch of the dungeon, and saw 1 of its levels.

You collected 41 gold pieces.

Inventory:

Missiles
 f - 25 darts (quivered)
 h - 30 poisoned needles
 i - 69 bolts
 j - 19 arrows
Armour
 a - a +0 robe (worn)
 b - a +0 hat (worn)
 p - a cursed +0 robe
Comestibles
 d - 4 meat rations
 m - 8 grapes
Potions
 g - 2 potions of haste {unknown}
 l - a potion of invisibility {unknown}
Books
 c - a book of Minor Magic

   Spells                             Type                      Level
   Magic Dart                         Conjuration                  1
   Blink                              Translocation                2
   Call Imp                           Summoning                    2
   Repel Missiles                     Charms/Air                   2
   Slow                               Hexes                        2
   Conjure Flame                      Conjuration/Fire             3
   Mephitic Cloud                     Conjuration/Poison/Air       3


   Skills:
 + Level 0.3 Throwing
 + Level 1.7 Dodging
 + Level 1.2 Stealth
 + Level 2.1 Spellcasting
   Level 0.6 Conjurations
   Level 0.6 Summonings
   Level 0.6 Translocations


You had 5 spell levels left.
You didn't know any spells.

Dungeon Overview and Level Annotations

Branches:
Dungeon (1/15)

Altars:


Innate Abilities, Weirdness & Mutations

You are too large for most types of armour.
You have claws for hands.
Your metabolism is lightning-fast.
You like to eat raw meat.
You heal very quickly.
You can eat rotten meat.
You are covered in fur (AC +1).
You have very tough skin (AC +2).


Message History

It is a scroll of recharging.
You aren't carrying any rechargeable items.
Throwing (i - inventory):
f - 25 darts (quivered)
Press: ? - help, Shift-Dir - straight line, f - you
Okay, then.
Read which item? (? for menu, Esc to quit)
You don't have any such object.
Read which item? (? for menu, Esc to quit)
You don't have any such object.
Read which item? (? for menu, Esc to quit)
You can't read that!
Read which item? (? for menu, Esc to quit)
As you read the scroll labeled STOG NUPOIME, it crumbles to dust.
Forget which spell ([?*] list [ESC] exit)?
Your memory of Magic Dart unravels.
It was a scroll of amnesia.
Read which item? (? for menu, Esc to quit)
Memorise Call Imp, consuming 2 spell levels and leaving 3?
Okay, then.
The goblin is too close now for your liking.
Are you sure you want to abandon this character and quit the game? (Confirm with "yes".)

.P...........P..# #
.P..♣.....♣..P[.# ### #
[P...........P..# ..# #
.######'######..# #.# #
.#...#...#...#..# #.# #
.#<..'...+...#..### #.# #
.#######.#...#..#.## #.# ###
.#.....#.#...#...#.######.#####..
.#.....+.#####..###....##.#...#.#
.#.....#.'...#[..#.###%..........
.#.....#.#.⌠⌠#..@...#####.......#
.#############..#.#.# ##.....#.
................#.#.# ##...#.#
####.###.########.#.# #####.#
##.#.## #g#># #.# ##.## #.#.# #.#
#.# ##.#.# #.# #.# #....# #.. #.#
#....############# #.#
#................. #.#
######.################


You could see a goblin (wandering).

Vanquished Creatures
  A giant cockroach (D:1)
  3 goblins (D:1)
  2 hobgoblins (D:1)
  A jackal (D:1)
  2 kobolds (D:1)
9 creatures vanquished.

Notes
Turn   | Place    | Note
--------------------------------------------------------------
     0 | D:1      | carlseen, the Troll Wizard, began the quest for the Orb.
     0 | D:1      | Reached XP level 1. HP: 16/16 MP: 3/3
   490 | D:1      | Reached XP level 2. HP: 13/24 MP: 3/3
   683 | D:1      | Quit the game

Action                   || total
-------------------------++-------
Melee: Unarmed           ||    33
Throw: Dart              ||     8
  Use: Scroll            ||     4
